 Dungeon Crawl Stone Soup version 0.30.0-29-ga12c61a403 (webtiles) character file.

Game seed: 15512263226487154889

1790 qw the Cleaver (level 9, -4/56 HPs)
             Began as a Gargoyle Fighter on June 4, 2023.
             Slain by Pikel
             ... wielding a +2 whip of flaming
              (8 damage)
             ... on level 6 of the Dungeon.
             The game lasted 00:02:37 (4666 turns).

qw the Cleaver (Gargoyle Fighter)                   Turns: 4666, Time: 00:02:37

Health: -4/56      AC: 26    Str: 23    XL:     9   Next: 8%
Magic:  9/9        EV:  6    Int: 10    God:
Gold:   346        SH:  4    Dex:  9    Spells: 8/8 levels left

rFire   . . .        Y - +0 war axe
rCold   . . .        c - +0 buckler
rNeg    + . .        b - +0 plate armour
rPois   inf          p - +0 helmet
rElec   +            (no cloak)
rCorr   .            i - +1 pair of gloves
SInv    .            (no boots)
Will    .....        q - amulet of regeneration Stlth
                     o - +4 ring of protection
HPRegen 1.09/turn    (no ring)
MPRegen 0.11/turn

%: no passive effects
@: mesmerised
A: sickness immunity, AC +6, negative energy resistance 1, electricity
resistance, torment resistance 1, petrification resistance
a: no special abilities


You were on level 6 of the Dungeon.
You visited 1 branch of the dungeon, and saw 6 of its levels.

You collected 346 gold pieces.


Innate Abilities, Weirdness & Mutations

You are immune to sickness and miasma.
Your stone body is resilient. (AC +6)
You are immune to poison.
You resist negative energy. (rN+)
You are resistant to electric shocks. (rElec)
You are resistant to unholy torment.
You are immune to petrification.


   Skills:
 - Level 6.5 Fighting
 + Level 8.8 Axes
 - Level 5.1 Armour
 - Level 1.1 Dodging
 - Level 3.2 Shields


You had 8 spell levels left.
You didn't know any spells.
Your spell library was empty.

Inventory:

Hand Weapons
 a - a +0 flail
 Y - a +0 war axe (weapon)
Armour
 b - a +0 plate armour (worn)
 c - a +0 buckler (worn)
 i - a +1 pair of gloves (worn)
 p - a +0 helmet (worn)
Jewellery
 o - a +4 ring of protection (left hand)
 q - an amulet of regeneration (around neck)
Scrolls
 h - a scroll of identify
Potions
 d - 2 potions of might
 e - a potion of magic
 f - 4 potions of attraction
 j - a potion of mutation
 l - a potion of haste
 u - a potion of brilliance {unknown}

Dungeon Overview and Level Annotations

Branches:
Dungeon (6/15)
 Temple: D:4-7

Altars:
Fedhas
Uskayaw
Vehumet
Wu Jian
The Shining One

Shops:
D:3 :

Annotations:
D:6 Maggie, Pikel


Message History

4661 ||| (to cure confusion) Pikel hits you but does no damage.
The gnoll hits you from afar with a +0 halberd.
A gnoll comes into view. It is wielding a +0 club.
Maggie hits you but does no damage. The lemure hits you but does no damage.
Pikel hits you but does no damage.
You slash Maggie!
Maggie is moderately wounded.
You hit the lemure but do no damage. You closely miss Pikel.
Pikel hits you but does no damage. The gnoll hits you but does no damage.
The lemure hits you but does no damage. Maggie hits you but does no damage.
You closely miss Maggie.
Maggie is moderately wounded.
You slash the lemure! You barely miss Pikel.
Pikel hits you with a +2 whip of flaming.
Pikel burns you. The gnoll hits you but does no damage.
Maggie hits you with a +3 war axe of flaming.
Maggie burns you. The lemure hits you.
Pikel hits you with a +2 whip of flaming!
Pikel burns you.
You slash Maggie!
Maggie is moderately wounded.
You miss the lemure. You hit Pikel. Pikel hits you but does no damage.
The gnoll barely misses you. Maggie hits you but does no damage.
The lemure barely misses you.
You hit Maggie.
Maggie is heavily wounded.
You hit the lemure. You hit Pikel but do no damage.
Pikel hits you but does no damage. The gnoll closely misses you.
Maggie casts a spell at you. The bolt of fire hits you.
The lemure hits you but does no damage. Pikel hits you but does no damage.
You hit the lemure.
The lemure is severely wounded.
You closely miss Pikel. You barely miss Maggie. You block Pikel's attack.
The gnoll hits you but does no damage.
Maggie says, "Have you seen any dragons?"
Maggie hits you but does no damage. The lemure hits you.
Pikel hits you with a +2 whip of flaming!
You die...

#.#.........# .....
#.#.........##........
.............+........
#............#...>...
......#####.........
##....# #..##...#
##.#### #...#...# ##.#
#...#..5#####. ##.#
#.....@@g..... .#.#
######...#.#K5####.
##.# .........#.#ggg..
##.#
...........#g5.###
##.# ############5.?#
##.# .[.. ...# #.##.
#### .# .# #


You could see Maggie (mesmerising), Pikel (berserk), 4 lemures, a gnoll bouda
and 4 gnolls.

Vanquished Creatures
  A troll (D:5)
  Sigmund (D:4)
  2 water moccasins
  An ice beast (D:5)
  A black bear (D:5)
  An ogre (D:5)
  A centaur (D:5)
  2 scorpions (D:5)
  5 hounds
  2 jellies
  2 orc priests (D:5)
  Terence (D:3)
  3 sleepcaps
  3 orc wizards
  3 iguanas (D:5)
  4 gnolls
  5 adders
  An ufetubus (D:5)
  3 worms
  2 dart slugs
  22 orcs
  8 bats
  11 endoplasms
  4 giant cockroaches
  6 goblins
  4 hobgoblins
  9 kobolds
  3 quokkas
  7 ball pythons
  4 frilled lizards
  4 rats
126 creatures vanquished.

Notes
Turn   | Place    | Note
-------+----------+-------------------------------------------
     0 | D:1      | qw the Gargoyle Fighter began the quest for the Orb.
     0 | D:1      | Reached XP level 1. HP: 14/14 MP: 1/1
     0 | D:1      | 0 ||| qw: Version: 0.2-a-107-g4668610
     0 | D:1      | 0 ||| qw: Game counter: 1259
     0 | D:1      | 0 ||| qw: Always use a shield: true
     0 | D:1      | 0 ||| qw: God list: Okawaru
     0 | D:1      | 0 ||| qw: Allow faded altars: false
     0 | D:1      | 0 ||| qw: Do Orc after D:15 true
     0 | D:1      | 0 ||| qw: Do second Lair branch before Depths: true
     0 | D:1      | 0 ||| qw: Lair rune preference: random
     0 | D:1      | 0 ||| qw: Plans: Normal, Zot:1-4, Slime:5, God:TSO, Crypt,
                  | Tomb, Abyss, Pan, Hells, Win
     0 | D:1      | 0 ||| PLANNING D:1-11
   148 | D:1      | Reached skill level 2 in Axes
   213 | D:1      | 213 ||| Stepping ~*~*~tactically~*~*~ (hiding).
   279 | D:1      | Reached XP level 2. HP: 18/19 MP: 2/2
   293 | D:1      | 293 ||| Stepping ~*~*~tactically~*~*~ (stealth).
   294 | D:1      | 294 ||| Stepping ~*~*~tactically~*~*~ (stealth).
   540 | D:1      | 540 ||| Stepping ~*~*~tactically~*~*~ (stealth).
   557 | D:1      | 557 ||| Stepping ~*~*~tactically~*~*~ (stealth).
   614 | D:1      | Reached skill level 3 in Axes
   770 | D:1      | Reached XP level 3. HP: 23/23 MP: 3/3
  1165 | D:1      | 1165 ||| UPGRADING to +0 pair of gloves.
  1170 | D:1      | 1170 ||| READING scroll labelled UZAGUSK VUEH.
  1171 | D:1      | 1171 ||| READING scroll labelled QEMEITT BEIW.
  1266 | D:2      | 1266 ||| Stepping ~*~*~tactically~*~*~ (stealth).
  1281 | D:2      | 1281 ||| Stepping ~*~*~tactically~*~*~ (stealth).
  1285 | D:2      | 1285 ||| DROPPING +1 whip of distortion.
  1537 | D:2      | 1537 ||| Stepping ~*~*~tactically~*~*~ (stealth).
  1555 | D:2      | Reached XP level 4. HP: 28/28 MP: 4/4
  1779 | D:2      | Reached skill level 4 in Axes
  1822 | D:2      | 1822 ||| DROPPING +0 club.
  1908 | D:2      | 1908 ||| READING scroll labelled GICKING XEUT.
  1909 | D:2      | 1909 ||| READING 4 scrolls of identify.
  1909 | D:2      | 1909 ||| IDENTIFYING grey potion
  1910 | D:2      | 1910 ||| READING 3 scrolls of identify.
  1910 | D:2      | 1910 ||| IDENTIFYING bubbling dark potion
  1911 | D:2      | 1911 ||| READING 2 scrolls of identify.
  1911 | D:2      | 1911 ||| IDENTIFYING dark potion
  1973 | D:3      | Noticed Terence
  1976 | D:3      | Killed Terence
  1977 | D:3      | 1977 ||| FLEEEEING.
  1986 | D:3      | 1986 ||| STAIRDANCE
  2023 | D:3      | 2023 ||| DROPPING +0 whip.
  2147 | D:3      | Found Loziesm's Vocational Training.
  2173 | D:3      | Found a blossoming altar of Fedhas.
  2556 | D:3      | 2556 ||| UPGRADING to amulet of guardian spirit.
  2561 | D:3      | 2561 ||| UPGRADING to +4 ring of protection.
  2562 | D:3      | 2562 ||| READING scroll labelled YRUOROLEUH.
  2563 | D:3      | 2563 ||| READING scroll labelled LOZ VESCHUGE.
  2612 | D:4      | 2612 ||| READING scroll of enchant armour.
  2612 | D:4      | 2612 ||| ENCHANTING +0 pair of gloves.
  2648 | D:4      | Reached XP level 5. HP: 32/32 MP: 5/5
  2663 | D:4      | 2663 ||| Stepping ~*~*~tactically~*~*~ (hiding).
  2665 | D:4      | 2665 ||| Stepping ~*~*~tactically~*~*~ (hiding).
  2670 | D:4      | 2670 ||| Stepping ~*~*~tactically~*~*~ (stealth).
  2682 | D:4      | 2682 ||| Stepping ~*~*~tactically~*~*~ (hiding).
  2684 | D:4      | 2684 ||| Stepping ~*~*~tactically~*~*~ (hiding).
  2685 | D:4      | Noticed a water moccasin
  2696 | D:4      | Killed a water moccasin
  2697 | D:4      | Reached skill level 5 in Axes
  2697 | D:4      | Reached XP level 6. HP: 37/37 MP: 6/6
  2971 | D:4      | Found a glowing golden altar of the Shining One.
  3019 | D:4      | 3019 ||| Stepping ~*~*~tactically~*~*~ (hiding).
  3021 | D:4      | 3021 ||| Stepping ~*~*~tactically~*~*~ (hiding).
  3138 | D:4      | Found a hide-covered altar of Uskayaw.
  3229 | D:4      | Reached skill level 1 in Dodging
  3327 | D:4      | 3327 ||| Stepping ~*~*~tactically~*~*~ (hiding).
  3327 | D:4      | Noticed Sigmund
  3328 | D:4      | 3328 ||| Stepping ~*~*~tactically~*~*~ (hiding).
  3329 | D:4      | 3329 ||| Stepping ~*~*~tactically~*~*~ (hiding).
  3340 | D:4      | HP: 3/38 [Sigmund/+2 heavy scythe (9)]
  3341 | D:4      | 3341 ||| DRINKING 2 potions of heal wounds.
  3343 | D:4      | Killed Sigmund
  3344 | D:4      | Reached skill level 6 in Axes
  3344 | D:4      | Reached XP level 7. HP: 39/43 MP: 0/7
  3618 | D:4      | 3618 ||| UPGRADING to +0 chain mail.
  3628 | D:4      | 3628 ||| DROPPING +0 scale mail.
  3629 | D:4      | 3629 ||| UPGRADING to +0 helmet.
  3634 | D:4      | 3634 ||| UPGRADING to amulet of regeneration.
  3644 | D:4      | 3644 ||| DROPPING amulet of guardian spirit.
  3645 | D:4      | 3645 ||| READING scroll labelled OMIAKL VYGEWO.
  3646 | D:4      | 3646 ||| DRINKING 2 fizzy coppery potions.
  3647 | D:4      | 3647 ||| READING 2 scrolls of identify.
  3647 | D:4      | 3647 ||| IDENTIFYING fizzy inky potion
  3651 | D:5      | Entered Level 5 of the Dungeon
  3680 | D:5      | Reached skill level 7 in Axes
  3719 | D:5      | Reached XP level 8. HP: 36/49 MP: 8/8
  3774 | D:5      | 3774 ||| Stepping ~*~*~tactically~*~*~ (stealth).
  3776 | D:5      | 3776 ||| Stepping ~*~*~tactically~*~*~ (hiding).
  3823 | D:5      | Reached skill level 8 in Axes
  3899 | D:5      | Noticed a troll
  3919 | D:5      | Killed a troll
  3920 | D:5      | Reached skill level 6 in Fighting
  3926 | D:5      | HP: 11/52 [ice beast (13)]
  3927 | D:5      | 3927 ||| DRINKING 2 potions of heal wounds.
  4069 | D:5      | Found a radiant altar of Vehumet.
  4089 | D:5      | 4089 ||| Stepping ~*~*~tactically~*~*~ (hiding).
  4090 | D:5      | 4090 ||| Stepping ~*~*~tactically~*~*~ (hiding).
  4104 | D:5      | 4104 ||| FLEEEEING.
  4195 | D:5      | Found an ornate altar of the Wu Jian Council.
  4450 | D:5      | 4450 ||| UPGRADING to +0 plate armour.
  4460 | D:5      | 4460 ||| DROPPING +0 chain mail.
  4461 | D:5      | 4461 ||| DROPPING amulet of the acrobat.
  4462 | D:5      | 4462 ||| DROPPING ring of wizardry.
  4463 | D:5      | 4463 ||| READING scroll labelled BORRIE OG WYED.
  4464 | D:5      | 4464 ||| DRINKING 2 metallic black potions.
  4465 | D:5      | 4465 ||| READING 2 scrolls of identify.
  4465 | D:5      | 4465 ||| IDENTIFYING white potion
  4466 | D:5      | 4466 ||| DROPPING potion of flight.
  4535 | D:6      | 4535 ||| DRINKING 3 potions of curing.
  4535 | D:6      | 4535 ||| (to cure confusion)
  4538 | D:6      | Reached XP level 9. HP: 51/56 MP: 9/9
  4645 | D:6      | Noticed Maggie
  4646 | D:6      | 4646 ||| Stepping ~*~*~tactically~*~*~ (hiding).
  4652 | D:6      | Noticed Pikel
  4655 | D:6      | 4655 ||| DRINKING 2 potions of curing.
  4655 | D:6      | 4655 ||| (to cure confusion)
  4659 | D:6      | HP: 14/56 [Pikel/+2 whip of flaming (10)]
  4659 | D:6      | HP: 3/56 [Pikel/+2 whip of flaming (4)]
  4660 | D:6      | 4660 ||| DRINKING potion of heal wounds.
  4661 | D:6      | 4661 ||| DRINKING potion of curing.
  4661 | D:6      | 4661 ||| (to cure confusion)
  4665 | D:6      | HP: 7/56 [Maggie/bolt of fire (4)]
  4666 | D:6      | Slain by Pikel

Levels and vault maps discovered:
D:1:      minmay_arrival_four_houses, layout_basic, minmay_tromino_i4
D:2:      layout_loops_ring
D:3:      layout_basic, fedhas_altar_2, minivault_26, nicolae_shop_vocational,
          uniq_terence
D:4:      layout_cave_pods, overflow_temple_1_default, tso_altar,
          serial_column_ruins, column_ruins_grid_1,
          column_ruins_corridor_straight, column_ruins_open_tiny,
          column_ruins_grid_4, column_ruins_columns_straight,
          column_ruins_columns_corner, column_ruins_corridor_straight,
          uniq_sigmund
D:5:      layout_loops_ring, nicolae_vehumet_altar_sigil,
          mainiacjoe_overflow_boulevard, nzn_random_ring
D:6:      layout_basic, minmay_temple_entry_tees, uniq_maggie, uniq_pikel

Skill      XL: |  1  2  3  4  5  6  7  8  9 |
---------------+----------------------------+-----
Axes           | 2 3 4 5 6 7 8 |  8.8
Fighting       | 4 5 6 |  6.5
Dodging        | 1 |  1.1
Armour         | 4 5 |  5.1
Shields        | |  3.2

Action                     |  1- 3 |  4- 6 |  7- 9 || total
---------------------------+-------+-------+-------++-------
  Melee: War axe           |   104 |   126 |   180 ||   410
  Throw: Boomerang         |       |    22 |     6 ||    28
    Use: Scroll            |     2 |     7 |     4 ||    13
         Potion            |       |     1 |     7 ||     8
 Armour: Scale mail        |    57 |    63 |     3 ||   123
         Chain mail        |       |       |   104 ||   104
         Plate armour      |       |       |    43 ||    43
  Dodge: Dodged            |    39 |    37 |    82 ||   158
  Block: Buckler           |    21 |    22 |    37 ||    80

Table legend:
 A = Non-vault XP
 B = Vault XP
 C = Vault XP percentage of total XP
 D = Non-vault monster count
 E = Vault monster count
 F = Vault count percentage of total count
                 A         B        C        D         E       F
            +---------+---------+-------+---------+---------+-------
      Total |    1361 |    1197 |  46.8 |     109 |      17 |  13.5
            +---------+---------+-------+---------+---------+-------
        D:1 |      35 |       4 |  10.3 |      21 |       2 |   8.7
        D:2 |      65 |       0 |   0.0 |      23 |       0 |   0.0
        D:3 |      19 |      38 |  66.7 |      10 |       1 |   9.1
        D:4 |     383 |     226 |  37.1 |      26 |       1 |   3.7
        D:5 |     610 |     929 |  60.4 |      21 |      13 |  38.2
        D:6 |     249 |       0 |   0.0 |       8 |       0 |   0.0
            +---------+---------+-------+---------+---------+-------
